 Dungeon Crawl Stone Soup version 0.19-a0-994-g3c636f0 (webtiles) character file.

121 Gottschkopf the Stinger (level 4, -9/24 HPs)
             Began as a Deep Elf Venom Mage on July 15, 2016.
             Killed by divine providence
             ... invoked by an orc priest
              (10 damage)
             ... on level 3 of the Dungeon.
             The game lasted 00:05:47 (2730 turns).

Gottschkopf the Stinger (Deep Elf Venom Mage)       Turns: 2730, Time: 00:05:48

Health: -9/24      AC:  3    Str:  5    XL:     4   Next: 76%
Magic:  7/12       EV: 13    Int: 21    God:
Gold:   176        SH:  0    Dex: 15    Spells: 3 memorised, 4 levels left

rFire  . . .     SeeInvis .     d - +0 dagger
rCold  . . .     Gourm    .     a - +0 robe
rNeg   . . .     Faith    .     (no shield)
rPois  .         Spirit   .     (no helmet)
rElec  .         Dismiss  .     l - +0 cloak
rCorr  .         Reflect  .     (no gloves)
SustAt .         Harm     .     (no boots)
MR     .....                    (no amulet)
Stlth  ++........               (no ring)
                                (no ring)

@: very slightly contaminated, not resistant to hostile enchantments, unstealthy
A: no striking features
a: no special abilities


You were on level 3 of the Dungeon.
You were not hungry.

You visited 1 branch of the dungeon, and saw 3 of its levels.

You collected 176 gold pieces.

Inventory:

Hand Weapons
 d - a +0 dagger (weapon)
Armour
 a - a +0 robe (worn)
 l - a +0 cloak (worn)
Wands
 j - a wand of flame (29/48)
Scrolls
 e - a scroll of identify {unknown}
 f - 4 scrolls of amnesia {unknown}
 h - 4 scrolls of immolation {unknown}
 k - a scroll of remove curse {unknown}
 n - 2 scrolls of magic mapping {unknown}
 r - 2 scrolls of teleportation {unknown}
 t - a scroll of recharging {unknown}
Potions
 m - a potion of heal wounds {unknown}
 o - 2 potions of haste {unknown}
 q - a potion of curing {unknown}
 s - a potion of mutation {unknown}
 u - a potion of beneficial mutation {unknown}
 v - a potion of magic {unknown}
 x - a potion of cure mutation {unknown}
 z - a potion of degeneration {unknown}
Books
 b - a Young Poisoner's Handbook

   Spells                             Type                      Level
   a - Sting                          Conjuration/Poison           1
   b - Mephitic Cloud                 Conjuration/Poison/Air       3
   c - Olgreb's Toxic Radiance        Poison                       4
   d - Alistair's Intoxication        Transmutation/Poison         5
   e - Venom Bolt                     Conjuration/Poison           5
Comestibles
 c - 4 bread rations
 g - a meat ration
 i - 2 beef jerkies
 p - a slice of pizza
 w - 8 chunks of flesh


   Skills:
 - Level 2.4 Dodging
 - Level 2.4 Stealth
 - Level 4.8 Spellcasting
 - Level 1.3 Air Magic
 + Level 5.6 Poison Magic


You had 4 spell levels left.
You knew the following spells:

 Your Spells              Type           Power        Failure   Level  Hunger
a - Sting                 Conj/Pois      ###.         3%          1    None
b - Mephitic Cloud        Conj/Pois/Air  ##......     14%         3    ##.....
c - Olgreb's Toxic Radia  Pois           ####....     14%         4    ####...


Dungeon Overview and Level Annotations

Branches:
Dungeon (3/15)

Altars:
Nemelex Xobeh
Uskayaw


Message History

Beogh smites you!
* * * LOW HITPOINT WARNING * * *
Casting: Sting
Confirm with . or Enter, or press ? or * to list all spells.
Aiming: Sting
Press: ? - help, Shift-Dir - straight line, f/p - orc priest
Aim: an orc priest, wielding a dagger and wearing a scale mail The sting misses the orc priest.
The sting hits the orc.
The orc appears unharmed.
Casting: Sting
Confirm with . or Enter, or press ? or * to list all spells.
Aiming: Sting
Press: ? - help, Shift-Dir - straight line, f/p - orc priest
Aim: an orc priest, wielding a dagger and wearing a scale mail You miscast Sting.
You are very lightly contaminated with residual magic.
Nothing appears to happen.
The orc priest invokes the aid of Beogh against you.
Beogh smites you!
You die...

#.## #.# #...
#)# #######
#.# #......
#o# #.#####
#o# #.# #.#
#.# #.# #.#
#@##########.#
#............#
##############


You could see an orc priest and an orc.

Vanquished Creatures
  4 adders
  2 oozes
  A worm (D:3)
  3 dart slugs
  8 orcs (D:3)
  7 giant cockroaches
  7 goblins
  7 hobgoblins
  A quokka (D:2)
  2 bats (D:2)
  7 giant newts
  5 kobolds
  4 rats
58 creatures vanquished.

Notes
Turn   | Place    | Note
-------+----------+-------------------------------------------
     0 | D:1      | Gottschkopf the Deep Elf Venom Mage began the quest for the Orb.
     0 | D:1      | Reached XP level 1. HP: 10/10 MP: 6/6
   347 | D:1      | Reached XP level 2. HP: 15/15 MP: 5/8
   941 | D:1      | Found a sparkling altar of Nemelex Xobeh.
  1085 | D:1      | Reached XP level 3. HP: 17/19 MP: 8/11
  1090 | D:1      | Learned a level 3 spell: Mephitic Cloud
  1284 | D:2      | Reached skill level 1 in Air Magic
  1639 | D:2      | Found a hide-covered altar of Uskayaw.
  1750 | D:2      | Reached XP level 4. HP: 11/24 MP: 7/12
  1761 | D:2      | Learned a level 4 spell: Olgreb's Toxic Radiance
  1920 | D:2      | Reached skill level 5 in Poison Magic
  2037 | D:3      | HP: 1/24 [orc/club (3)]
  2728 | D:3      | HP: 1/24 [orc priest/divine providence (9)]
  2730 | D:3      | Killed from afar by an orc priest

Vault maps used:
D:1:      co_arrival_random_square_maze, minmay_hexomino_r4
D:2:      lemuel_doored_altar
D:3:      first_bread

Skill      XL: |  1  2  3  4 |
---------------+-------------+-----
Spellcasting   | 4 |  4.8
Air Magic      | 1 |  1.3
Poison Magic   | 5 |  5.6
Dodging        | |  2.4
Stealth        | |  2.4

Action                   |  1- 3 |  4- 6 || total
-------------------------+-------+-------++-------
Melee: Dagger            |    16 |    33 ||    49
 Cast: Sting             |    88 |    57 ||   145
  Eat: Chunk             |     2 |     3 ||     5
Armor: Robe              |     5 |     5 ||    10
Dodge: Dodged            |    14 |    24 ||    38
